Map: Eternal Empire LE

Players

Eugene

  • Race: Zerg Zerg
  • Spawn Location: 1:00

Osiris - Winner!

  • Race: Terran Terran
  • League: Diamond
  • Spawn Location: 7:00

VOD

Have the link to the VOD?

Description

Time

  • Played on: April 29, 2020, 7:22 p.m.
  • Length: 18:07
Show
View Real Time Build Order
Export as new Build Order

Eugene Zerg 

Build Orders: Hatch First 

Get SALT Encoding   

  12  0:04  Drone  
  13  0:20  Overlord  
  13  0:22  Drone  
  14  0:40  Drone x2  
  16  0:47  Drone  
  17  0:57  Drone  
  18  0:58  Hatchery  
  18  1:04  Drone  
  18  1:12  Extractor  
  17  1:22  Spawning Pool  
  17  1:24  Drone  
  17  1:25  Drone  
  18  1:36  Drone  
  19  1:47  Drone  
  20  2:04  Overlord  
  20  2:14  Queen x2  
  25  2:15  Zergling x4  
  25  2:21  Metabolic Boost  
  26  2:29  Drone x2  
  28  2:34  Extractor  
  28  2:42  Drone x4  
  32  2:50  Queen  
  34  2:52  Overlord  
  34  3:08  Overlord  
  34  3:09  Drone x2  
  35  3:21  Hatchery  
  33  3:34  Drone x2  
  33  3:35  Drone x4  
  39  3:44  Overlord  
  39  3:50  Zergling x4  
  39  3:51  Zergling x2  
  39  3:52  Queen  
  39  3:53  Queen  
  46  3:57  Overlord  
  46  4:07  Baneling Nest  
  46  4:11  Evolution Chamber  
  46  4:12  Evolution Chamber  
  46  4:13  Zergling x8  
  46  4:14  Drone x2  
  46  4:15  Drone x2  
  52  4:18  Spore Crawler  
  51  4:29  Queen x2  
  55  4:38  Drone x4  
  55  4:39  Drone x2  
  55  4:42  Spore Crawler  
  55  4:45  Zerg Ground Armor Level 1  
  60  4:50  Drone x2, Extractor x3  
  60  4:52  Overlord  
  59  5:15  Drone x9  
  59  5:16  Overlord  
  59  5:19  Zerg Melee Weapons Level 1  
  68  5:27  Drone x5  
  73  5:30  Drone  
  73  5:34  Overlord  
  74  5:42  Lair  
  74  5:47  Drone x2  
  74  5:48  Drone x5  
  80  6:07  Queen  
  80  6:10  Overlord x2  
  80  6:11  Overlord x2  
  82  6:19  Hatchery  
  81  6:28  Zergling x14  
  81  6:29  Zergling x2  
  81  6:32  Zergling x8  
  91  6:39  Hatchery, Queen  
  91  6:42  Extractor x2  
  91  6:44  Baneling Nest  
  88  6:51  Drone  
  88  6:52  Drone x7  
  96  6:58  Zerg Ground Armor Level 2  
  96  6:59  Hydralisk Den  
  95  7:02  Drone x3  
  95  7:04  Evolution Chamber  
  97  7:31  Muscular Augments  
  97  7:33  Drone x6  
  97  7:34  Hydralisk x4  
  111  7:37  Hatchery  
  111  7:38  Baneling x7  
  110  7:49  Zerg Melee Weapons Level 2  
  110  7:50  Zerg Missile Weapons Level 1, Centrifical Hooks  
  110  7:52  Drone x3  
  110  7:53  Drone x4  
  110  7:55  Overlord  
  117  8:10  Overseer x2  
  117  8:11  Baneling  
  117  8:12  Baneling x17  
  117  8:13  Zergling x10  
  122  8:27  Zergling x2  
  122  8:28  Zergling x26  
  122  8:32  Hydralisk x3  
  142  8:36  Overlord  
  142  8:47  Queen  
  132  8:59  Hydralisk x9  
  132  9:00  Zergling x4  
  138  9:15  Zergling x18, Hydralisk x5  
  151  9:18  Zergling x2  
  151  9:21  Grooved Spines  
  150  9:27  Infestation Pit  
  137  9:50  Zergling x2, Hydralisk x6  
  137  9:51  Zergling x12  
  130  9:58  Zergling x8  
  130  9:59  Zergling x10  
  133  10:04  Zerg Missile Weapons Level 2  
  133  10:06  Zergling x2  
  118  10:11  Baneling x14  
  118  10:12  Hydralisk x2  
  118  10:13  Queen, Hydralisk x2  
  128  10:23  Baneling  
  128  10:24  Baneling x3  
  128  10:26  Zergling x8  
  128  10:28  Hatchery, Baneling x3  
  131  10:29  Baneling x5  
  116  10:44  Zergling x12, Hydralisk x4  
  116  10:48  Hive  
  128  10:51  Hydralisk  
  128  10:53  Zergling x2  
  128  10:56  Swarm Host  
  134  11:03  Hatchery  
  132  11:05  Hatchery  
  129  11:13  Hydralisk x7  
  129  11:14  Zergling x2  
  136  11:36  Zergling x2  
  136  11:37  Zergling x18  
  137  11:44  Zergling x4  
  139  11:49  Baneling x5  
  139  11:51  Zergling x2  
  139  11:52  Zergling x16  
  147  12:00  Extractor  
  146  12:01  Extractor  
  146  12:05  Spine Crawler  
  146  12:07  Spore Crawler  
  143  12:18  Baneling x12  
  136  12:42  Hydralisk x2  
  136  12:43  Hydralisk  
  136  12:44  Zergling x8  
  142  12:49  Zergling x8  
  142  12:50  Zergling x24  
  149  12:59  Zerg Melee Weapons Level 3, Zerg Ground Armor Level 3, Zerg Missile Weapons Level 3  
  149  13:01  Adrenal Glands  
  149  13:05  Ultralisk Cavern  
  138  13:07  Zergling x16  
  126  13:16  Zergling x14  
  122  13:23  Zergling x2, Baneling x8  
  120  13:36  Zergling x12  
  120  13:37  Zergling x4  
  106  13:50  Zergling x14, Hydralisk x2  
  113  14:01  Chitinous Plating  
  112  14:14  Hatchery  
  112  14:15  Baneling x11  
  112  14:16  Baneling x6  
  111  14:25  Baneling x7  
  111  14:26  Zergling x8  
  115  14:36  Spire  
  115  14:37  Pathogen Glands  
  114  14:57  Drone x8  
  114  14:58  Drone x3  
  122  15:18  Burrow  
  122  15:19  Anabolic Synthesis  
  122  15:26  Unknown  
  121  15:32  Infestor x2  
  121  15:33  Infestor x4  
  121  15:34  Ultralisk  
  121  15:35  Ultralisk  
  125  15:58  Hydralisk x5  
  125  15:59  Hydralisk x2  
  125  16:01  Overlord x2  
  137  16:25  Ultralisk x3  
  155  16:27  Overlord x2  
  155  16:28  Overlord x2  
  155  16:46  Hydralisk x6  
  155  16:47  Zergling x2, Ultralisk  
  133  16:49  Zergling x14  
  133  16:53  Zergling x4  
  133  16:54  Zergling x2  
  130  17:13  Ultralisk  
  130  17:14  Corruptor x2  
  131  17:31  Baneling  
  131  17:32  Baneling x6  
  125  17:39  Hatchery  
  118  17:57  Hatchery  
Show
View Real Time Build Order
Export as new Build Order

Osiris Terran - Winner!

Build Orders: Liberator Opening, Reaper Expand 

Get SALT Encoding   

  12  0:01  SCV  
  13  0:13  SCV  
  14  0:17  Supply Depot  
  14  0:25  SCV  
  15  0:39  SCV  
  15  0:40  Barracks  
  16  0:44  Refinery  
  16  0:51  SCV  
  17  1:03  SCV  
  18  1:15  SCV  
  19  1:27  Orbital Command  
  19  1:28  Reaper  
  20  1:40  Command Center  
  20  1:48  Supply Depot  
  20  1:53  SCV  
  21  1:59  Marine  
  22  2:05  SCV  
  23  2:18  SCV, Factory  
  23  2:20  Refinery  
  24  2:22  Barracks Reactor  
  24  2:30  SCV  
  25  2:48  SCV  
  26  2:51  Orbital Command  
  26  3:00  SCV  
  27  3:05  Starport  
  27  3:12  SCV  
  27  3:28  Hellion x2, Barracks Tech Lab  
  27  3:29  SCV  
  31  3:35  SCV  
  32  3:42  SCV  
  32  3:43  Liberator  
  32  3:47  SCV  
  37  3:51  Hellion x2  
  37  3:53  Supply Depot  
  37  3:55  Stimpack, Marine  
  42  3:56  SCV  
  43  4:03  SCV  
  43  4:08  SCV  
  45  4:15  SCV, Hellion x2, Marine  
  45  4:16  Supply Depot  
  51  4:24  SCV  
  51  4:28  Barracks x2  
  51  4:30  SCV  
  53  4:32  Engineering Bay  
  53  4:34  Engineering Bay  
  53  4:36  SCV  
  53  4:37  Starport Reactor  
  54  4:42  SCV, Refinery x2  
  55  4:50  SCV  
  56  4:53  Supply Depot  
  56  4:54  Supply Depot  
  56  5:06  SCV  
  54  5:09  SCV  
  54  5:11  Terran Infantry Weapons Level 1, Terran Infantry Armor Level 1  
  55  5:20  Factory Tech Lab  
  55  5:21  Command Center  
  55  5:24  SCV  
  56  5:29  SCV  
  56  5:31  Supply Depot x2  
  57  5:36  SCV  
  57  5:41  SCV  
  59  5:43  Marine x4  
  59  5:48  SCV  
  64  5:52  Marine  
  64  5:53  SCV, Siege Tank  
  64  5:54  Starport Reactor  
  69  6:00  SCV  
  69  6:03  Marine x3  
  69  6:04  Marine  
  74  6:05  SCV  
  74  6:10  Marine  
  76  6:19  SCV x2  
  76  6:21  Barracks x2  
  74  6:26  Supply Depot  
  74  6:27  Supply Depot  
  74  6:28  Marine x2  
  74  6:30  Armory  
  74  6:31  SCV, Marine x2  
  73  6:32  Marine  
  73  6:33  SCV  
  73  6:36  Combat Shield  
  73  6:45  Orbital Command  
  73  6:50  Marine x5  
  73  6:51  Siege Tank  
  81  6:57  Medivac x2  
  81  6:58  SCV  
  81  7:00  SCV  
  87  7:09  Marine x3  
  87  7:10  Barracks Reactor x2, SCV, Marine  
  87  7:11  Marine  
  93  7:16  Orbital Command  
  93  7:17  Terran Infantry Weapons Level 2  
  93  7:18  Terran Infantry Armor Level 2  
  93  7:23  Terran Vehicle Weapons Level 1  
  93  7:28  Siege Tank  
  96  7:32  Marine x3  
  96  7:33  Marine x2  
  101  7:37  Medivac  
  101  7:38  Medivac  
  101  7:41  Supply Depot  
  101  7:43  SCV x2  
  107  7:50  SCV  
  107  7:51  Marine x3  
  110  7:52  Supply Depot, Marine  
  110  7:53  Marine x2  
  110  7:54  Supply Depot  
  110  7:56  SCV  
  115  8:03  Marine  
  115  8:04  Marine x2  
  115  8:05  Siege Tank  
  121  8:10  Supply Depot  
  121  8:13  SCV x3  
  121  8:14  Refinery  
  121  8:16  Marine x6  
  121  8:18  Medivac  
  132  8:25  SCV  
  133  8:29  Marine x3  
  136  8:45  Marine x4  
  136  8:46  Marine x2, Siege Tank  
  140  8:51  Marine x3  
  132  9:03  Marine x5  
  132  9:06  Marine  
  132  9:08  Marine  
  132  9:09  Marine x2  
  141  9:10  Medivac x2  
  139  9:20  Marine  
  134  9:33  Marine x3  
  134  9:34  Marine x4  
  134  9:37  Marine  
  142  9:38  Marine  
  137  9:47  Medivac x2, Siege Tank  
  137  9:51  Marine x3  
  137  9:54  Marine x3  
  138  10:00  Marine x3  
  138  10:04  Barracks  
  138  10:06  Terran Vehicle Weapons Level 2, Terran Infantry Weapons Level 3, Terran Infantry Armor Level 3  
  139  10:07  Command Center, Barracks  
  139  10:09  Marine x3  
  139  10:10  Barracks  
  139  10:12  Marine x3  
  145  10:17  Marine  
  145  10:18  Marine  
  146  10:29  Marine x2  
  146  10:30  Medivac, Marine x2, Siege Tank  
  146  10:31  Medivac  
  157  10:37  Marine x5  
  139  10:55  Marine x2  
  139  10:56  Marauder, Marine  
  139  10:57  Marine x3  
  139  11:16  Marine x2  
  139  11:17  Marine x4  
  139  11:18  Medivac x2, Siege Tank  
  146  11:22  Marine x3  
  145  11:34  Marine x2  
  145  11:36  Marine x4  
  145  11:39  Marine  
  146  11:40  Marauder, Marine  
  147  11:51  Siege Tank  
  147  11:52  Marine x2  
  147  11:53  Barracks Tech Lab  
  147  11:54  Marine x4, Barracks Tech Lab  
  152  11:56  Barracks Reactor  
  156  12:07  Refinery  
  156  12:08  Marine x2  
  156  12:09  Marauder  
  156  12:10  Medivac x2  
  156  12:15  Marine x7, Factory  
  171  12:27  Refinery  
  171  12:33  Marauder  
  171  12:35  Marauder  
  154  12:52  Marine  
  154  12:53  Marine x2  
  154  12:57  Marine x3  
  144  13:05  Marine x3  
  137  13:06  Factory Tech Lab, Marauder x2, Siege Tank  
  137  13:07  Medivac x2  
  137  13:12  Marine x5  
  137  13:14  Marine  
  137  13:15  Marine x2  
  124  13:22  Marine  
  124  13:23  Marine x2  
  124  13:27  Marine x2  
  125  13:29  Marine  
  125  13:30  SCV x3, Marine  
  125  13:31  Planetary Fortress  
  132  13:35  Refinery, Marine x3  
  132  13:36  Marauder  
  132  13:38  Siege Tank  
  137  13:45  Marauder  
  123  13:49  Marine x2  
  123  13:50  Marine x3  
  123  13:52  Marine x3  
  122  13:58  Marauder  
  123  14:06  Marauder, Siege Tank  
  123  14:07  Liberator x2  
  123  14:08  Marine x4  
  138  14:12  Marine x4  
  138  14:13  Marine x3  
  138  14:14  Siege Tank  
  148  14:19  Marine  
  149  14:32  Terran Vehicle Weapons Level 3  
  149  14:35  Marauder x2, Marine x10  
  149  14:37  Marauder  
  165  14:38  Siege Tank  
  168  14:46  Siege Tank  
  171  14:53  Marine  
  172  15:10  Supply Depot  
  172  15:11  Supply Depot  
  172  15:12  Marauder, Marine x4, Widow Mine  
  180  15:31  Marine x6  
  180  15:32  Marauder x2, Marine  
  176  15:44  Reaper  
  176  15:46  Marine  
  176  15:47  Marauder, Siege Tank x2  
  176  15:48  Liberator x2  
  177  15:53  Marauder  
  177  15:55  Marine  
  177  15:56  Marauder, Marine  
  183  16:08  Marauder  
  183  16:09  Command Center  
  184  16:24  Marine  
  184  16:25  Marine x2  
  189  16:26  Marauder x2  
  189  16:30  Marauder  
  193  16:41  Marine x4  
  193  16:42  Marine  
  193  16:43  Siege Tank x2  
  193  16:44  Liberator x2  
  193  16:46  Marine x4  
  196  16:47  Marauder  
  196  16:48  Marauder  
  196  16:53  Marine x2  
  192  16:59  Marine  
  184  17:03  Marine x2  
  184  17:04  Marine  
  184  17:10  Marine x4  
  184  17:11  Marauder x2  
  192  17:16  Marine x4  
  182  17:33  Marine x3  
  182  17:34  Marauder x2  
  182  17:35  Marauder, Marine  
  182  17:36  Marine x2  
  179  18:02  Supply Depot  
Tags
 
Add a new tag
Caveats
  • Supply blocks, unpowered buildings, or Contaminate may cause inaccurate times.
  • Supply counts are checked every 10 seconds.